 Dungeon Crawl Stone Soup version 0.30-a0-1112-gfb780f5df6 (webtiles) character file.

Game seed: 90342230960952678

49 hwolsky the Shield-Bearer (level 3, 0/33 HPs)
             Began as a Minotaur Fighter on Apr 19, 2023.
             Slain by a gnoll
             ... wielding a +0 spear
              (2 damage)
             ... on level 2 of the Dungeon.
             The game lasted 00:02:40 (857 turns).

hwolsky the Shield-Bearer (Minotaur Fighter)         Turns: 857, Time: 00:02:41

Health: 0/33       AC: 11    Str: 22    XL:     3   Next: 51%
Magic:  2/2        EV:  6    Int:  5    God:
Gold:   55         SH:  5    Dex:  9    Spells: 2/2 levels left

rFire   . . .      SeeInvis .    a - +0 war axe
rCold   . . .      Faith    .    c - +1 buckler
rNeg    . . .      Spirit   .    e - +0 plate armour
rPois   .          Reflect  .    (helmet restricted)
rElec   .          Rampage  .    (no cloak)
rCorr   .                        (no gloves)
Will    +....                    (no boots) Stlth
                                 (no amulet)
HPRegen 0.25/turn                h - ring of willpower
MPRegen 0.08/turn                (no ring)

@: no status effects
A: horns 2, retaliatory headbutt
a: no special abilities


You were on level 2 of the Dungeon.
You visited 1 branch of the dungeon, and saw 2 of its levels.

You collected 55 gold pieces.

Inventory:

Hand Weapons
 a - a +0 war axe (weapon)
Armour
 c - a +1 buckler (worn)
 e - a +0 plate armour (worn)
Jewellery
 h - a ring of willpower (left hand)
Scrolls
 b - 3 scrolls of identify
Potions
 d - a potion of might
 i - a potion of mutation


   Skills:
 + Level 4.1 Fighting
 + Level 3.1 Axes
 + Level 4.2 Armour
 + Level 4.2 Shields


You had 2 spell levels left.
You didn't know any spells.
Your spell library was empty.

Dungeon Overview and Level Annotations

Branches:
Dungeon (2/15)

Altars:

Shops:
D:1 [*


Innate Abilities, Weirdness & Mutations

You have a pair of horns on your head.
You reflexively headbutt those who attack you in melee.


Message History

The gnoll hits you with a +0 flail.
You barely miss the gnoll. Your headbutt misses the gnoll. You hit the gnoll.
The gnoll hits you but does no damage. The gnoll barely misses you.
The gnoll hits you from afar with a +2 heavy spear.
You barely miss the gnoll. You slash the gnoll! You block the gnoll's attack.
The gnoll hits you but does no damage. x2
The gnoll hits you from afar with a +2 heavy spear!
A kobold comes into view. It is wielding a +0 club.
You block the gnoll's attack.
You barely miss the gnoll. Your headbutt misses the gnoll.
You hit the gnoll but do no damage.
The gnoll hits you but does no damage. x2
The gnoll barely misses you.
You closely miss the gnoll. Your headbutt misses the gnoll.
You slash the gnoll!
You kill the gnoll!
The gnoll barely misses you. The gnoll hits you with a +0 flail!
The gnoll hits you from afar with a +2 heavy spear!
* * * LOW HITPOINT WARNING * * *
Your Axes skill increases to level 3!
You feel much better. The gnoll hits you with a +0 flail.
You barely miss the gnoll.
The gnoll hits you but does no damage. x2
You closely miss the gnoll. The gnoll hits you but does no damage.
The gnoll hits you from afar with a +2 heavy spear.
You barely miss the gnoll. You headbutt the gnoll.
The gnoll is moderately wounded.
The gnoll hits you with a +0 flail. You block the gnoll's attack.
The gnoll barely misses you. You furiously retaliate!
You headbutt the gnoll!
You kill the gnoll!
The gnoll hits you with a +2 heavy spear!
* * * LOW HITPOINT WARNING * * *
The gnoll closely misses you.
You see here a +0 flail.
You barely miss the gnoll.
The gnoll hits you from afar with a +0 spear.
* * * LOW HITPOINT WARNING * * *
The gnoll hits you with a +2 heavy spear.
* * * LOW HITPOINT WARNING * * *
You barely miss the gnoll. Your headbutt misses the gnoll.
The gnoll hits you from afar with a +0 spear.
You die...

### #.. # #.#
#####K# #.#
#..@gg# #.#
#)###.#
####.###.###.#
#............#
#...####.#####
###'''####.#
#§§...§≈##.#
#≈§#...#≈≈###
#≈§#§#.#.#≈≈##


You could see 2 gnolls and a kobold.

Vanquished Creatures
  2 gnolls (D:2)
  8 bats
  An endoplasm (D:1)
  A giant cockroach (D:1)
  A goblin (D:2)
  4 hobgoblins
  A kobold (D:1)
  3 quokkas (D:1)
  3 ball pythons (D:1)
  5 rats (D:1)
29 creatures vanquished.

Notes
Turn   | Place    | Note
-------+----------+-------------------------------------------
     0 | D:1      | hwolsky the Minotaur Fighter began the quest for the Orb.
     0 | D:1      | Reached XP level 1. HP: 19/19 MP: 0/0
   142 | D:1      | Found Lottues's Antique Armour Shop.
   164 | D:1      | Reached XP level 2. HP: 27/27 MP: 1/1
   232 | D:1      | Found Roume Pet's Assorted Antiques.
   827 | D:2      | Reached XP level 3. HP: 33/33 MP: 2/2
   857 | D:2      | Slain by a gnoll

Illustrated notes

Levels and vault maps discovered:
D:1:      dpeg_arrival_windows_large_door, layout_rooms, serial_shops,
          nicolae_shop_stone, nicolae_shop_tiny_waterfront
D:2:      layout_loops_corners, kennysheep_cluttered_room

Skill      XL: |  1  2  3 |
---------------+----------+-----
Armour         | 4 |  4.2
Shields        | 4 |  4.2
Fighting       | 4 |  4.1
Axes           | 3 |  3.1

Action                     || total
---------------------------++-------
  Melee: War axe           ||    62
         Headbutt          ||    11
    Use: Scroll            ||     4
         Potion            ||     1
 Armour: Scale mail        ||    32
         Plate armour      ||    18
  Dodge: Dodged            ||    50
  Block: Buckler           ||    27

Table legend: (Time is in decaauts)
 A = Elapsed time spent in this place.
 B = Non-inter-level travel time spent in this place.
 C = Inter-level travel time spent in this place.
 D = Time resting spent in this place.
 E = Time spent auto-exploring this place.
 F = Levels seen in this place.
 G = Mean time per level.
                   A        B        C        D        E       F      G
               +--------+--------+--------+--------+--------+-----+--------+
         Total |    880 |    850 |     30 |      0 |    571 |   2 |  440.0 |
       Dungeon |    880 |    850 |     30 |      0 |    571 |   2 |  440.0 |
               +--------+--------+--------+--------+--------+-----+--------+

Top non-repeatable levels by time:
     D:1: 688 daAuts
     D:2: 192 daAuts
